 Dungeon Crawl Stone Soup version 0.15.1-4-gac8487e (webtiles) character file.

172577 1100001001 the Eclecticist (level 17, 102/102 HPs)
             Began as a Deep Elf Conjurer on Oct 10, 2014.
             Was the Champion of Sif Muna.
             Quit the game on Level 4 of the Shoals on Oct 14, 2014.
             The game lasted 04:45:27 (54744 turns).

1100001001 the Eclecticist (Deep Elf Conjurer)     Turns: 54744, Time: 04:45:27

HP 102/102       AC 28     Str  7      XL: 17   Next: 16%
MP  41/41        EV 19     Int 31      God: Sif Muna [******]
Gold 1493        SH  3     Dex 15      Spells: 12 memorised,  7 levels left

rFire  + . .     SeeInvis .     b - staff of conjuration
rCold  . . .     Clarity  +     v - +6 steam dragon armour of the Eight Planets {rF+ Stlth+}
rNeg   + . .     rCorr    .     g - +0 buckler
rPois  .         rRot     .     J - +2 helmet of the Orbs {Str+2 Int+3}
rElec  .         Spirit   .     B - +2 cloak {MR+}
SustAb .         Warding  .     k - +2 pair of gloves
rMut   .         Stasis   .     O - +2 pair of boots {Stlth+}
Gourm  .                        T - amulet of clarity
MR     ++...                    y - +5 ring of protection
                                r - ring "Tomenacwo" {Wiz +Fly rN+}

@: repel missiles, very resistant to hostile enchantments, stealthy
A: regeneration 1
a: Channel Energy, Forget Spell, Renounce Religion, Evoke Flight
}: 1/15 runes: barnacled


You were on level 4 of the Shoals.
You worshipped Sif Muna.
Sif Muna was exalted by your worship.
You were not hungry.

You visited 6 branches of the dungeon, and saw 34 of its levels.
You also visited: Bailey and Ice Cave.

You collected 3541 gold pieces.
You spent 2048 gold pieces at shops.


Innate Abilities, Weirdness & Mutations

Your natural rate of healing is unusually fast.


   Skills:
 - Level 10.1 Fighting
 - Level 11.7 Dodging
 - Level 2.4 Stealth
 + Level 16.7 Spellcasting
 - Level 14.8 Conjurations
   Level 3.0 Hexes
 - Level 13.0 Charms
 - Level 11.6 Translocations
 - Level 15.0 Ice Magic
 - Level 5.0 Invocations


You had 7 spell levels left.
You knew the following spells:

 Your Spells              Type           Power        Failure   Level  Hunger
a - Iskenderun's Mystic   Conj           ########     1%          4    None
c - Bolt of Cold          Conj/Ice       ########..   1%          6    ##.....
d - Freezing Cloud        Conj/Ice/Air   #######...   2%          6    ##.....
e - Iskenderun's Battles  Conj/Chrm      ########     1%          5    None
f - Magic Dart            Conj           ####         0%          1    None
g - Apportation           Tloc           #######...   1%          1    None
h - Flight                Chrm/Air       ######....   1%          3    None
i - Cure Poison           Pois           ####......   1%          2    None
C - Control Teleport      Chrm/Tloc      #######...   1%          4    None
O - Ozocubu's Armour      Chrm/Ice       #######.     1%          3    None
P - Phase Shift           Tloc           #######...   1%          5    None
R - Repel Missiles        Chrm/Air       ######       1%          2    None

Inventory:

Hand weapons
 a - a +4 whip of electrocution
 L - a +0 blowgun
Missiles
 w - 13 curare-tipped needles
 E - 2 throwing nets (quivered)
Armour
 g - a +0 buckler (worn)
 k - a +2 pair of gloves (worn)
 v - the +6 steam dragon armour of the Eight Planets (worn) {rF+ Stlth+}
   (You found it in a bailey)

   It protects you from fire.
   It makes you more stealthy.
 B - a +2 cloak of magic resistance (worn)
 J - the +2 helmet of the Orbs (worn) {Str+2 Int+3}
   (You acquired it on level 1 of the Shoals)

   It affects your strength (+2).
   It affects your intelligence (+3).
 O - a +2 pair of boots of stealth (worn)
Magical devices
 x - a wand of digging (11)
 z - a wand of cold (2)
 M - a wand of teleportation (4)
 N - a wand of disintegration (12)
 W - a wand of heal wounds (5)
 X - a wand of teleportation (5)
 Z - a wand of cold (4)
Comestibles
 D - 11 bread rations
 K - 13 meat rations
Scrolls
 d - 6 scrolls of blinking
 e - 8 scrolls of recharging
 i - a scroll of summoning
 j - 7 scrolls of remove curse
 o - 3 scrolls of teleportation
 A - a scroll of silence
 F - 2 scrolls of fog
 S - a scroll of magic mapping
Jewellery
 c - an uncursed ring of invisibility
 f - an uncursed ring of see invisible
 l - an uncursed ring of protection from cold
 r - the ring "Tomenacwo" (left hand) {Wiz +Fly rN+}
   (You found it on level 6 of the Dungeon)

   [ring of wizardry]

   It improves your spell success rate.
   It protects you from negative energy.
   It lets you fly.
 y - a +5 ring of protection (right hand)
 T - an amulet of clarity (around neck)
 U - an uncursed ring of wizardry
Potions
 h - 4 potions of restore abilities
 n - a potion of flight
 p - 2 potions of heal wounds
 q - 5 potions of curing
 t - a potion of berserk rage
 u - 3 potions of brilliance
 C - 5 potions of agility
 G - 2 potions of magic
 H - 2 potions of might
 P - 2 potions of cancellation
 Q - 2 potions of resistance
 R - 4 potions of haste
Books
 m - a book of the Warp

   Spells                             Type                      Level
   *Control Teleport                  Charms/Translocation         4
   *Phase Shift                       Translocation                5
   Warp Weapon                        Charms/Translocation         5
   Dispersal                          Translocation                6
   Controlled Blink                   Translocation                7
   Disjunction                        Translocation                8
 Y - Sif Muna's Compendium of Dislocated Boosts
   (Sif Muna gifted it to you on level 4 of the Shoals)

   Spells                             Type                      Level
   *Apportation                       Translocation                1
   *Repel Missiles                    Charms/Air                   2
   *Ozocubu's Armour                  Charms/Ice                   3
   Haste                              Charms                       6
   Dispersal                          Translocation                6
Magical staves
 b - an uncursed staff of conjuration (weapon)
 I - an uncursed staff of death {unknown}
 V - an uncursed staff of wizardry {!a}

≈≈≈≈≈≈≈≈≈≈≈≈ ≈≈≈
≈≈≈≈≈≈≈≈≈≈≈≈≈≈≈≈≈≈≈≈≈ ≈≈≈≈≈P
≈≈≈≈≈≈≈≈≈≈≈≈≈≈≈≈≈≈≈≈≈≈≈≈≈≈≈≈≈≈≈P≈
≈≈≈≈≈≈≈≈≈≈≈≈≈≈≈≈≈≈≈≈≈≈≈≈≈≈≈≈≈≈≈≈≈
≈≈≈≈≈≈≈≈≈≈≈≈≈≈≈≈≈≈≈≈≈≈≈≈≈≈≈≈≈≈≈≈·
≈≈≈≈≈≈≈≈≈≈≈≈≈≈≈≈≈≈≈P≈≈≈≈≈≈≈≈≈≈≈·P
≈≈≈≈≈···≈≈≈≈≈≈≈···P_≈≈≈P≈≈P≈≈≈≈≈P
≈≈≈≈≈∞▒▒·≈≈≈≈≈·······≈≈≈≈≈≈≈≈≈≈≈≈
≈≈≈≈≈▒▒·)≈≈≈≈···e····≈≈≈P≈P≈≈≈≈··
≈≈>·≈≈≈≈··≈··········≈P≈≈≈PP≈≈≈≈·
≈≈≈≈≈≈≈≈·······}·····≈≈≈P≈≈PP<≈≈·
≈≈≈≈≈≈≈··············≈≈≈···≈≈≈P)·
≈≈≈≈≈≈≈≈············≈≈≈≈·········
≈≈≈≈≈≈≈··········≈≈≈≈≈≈·····▒···▒
≈≈≈≈≈≈≈≈·······≈≈≈≈≈≈≈≈··▒▒▒▒▒▒▒
≈≈≈≈≈≈≈≈≈···▒·≈≈≈≈≈≈≈≈···▒ ▒▒
≈≈≈≈≈≈≈≈≈(·····≈≈≈≈≈≈≈≈···▒ ▒P


There were no monsters in sight!


Message History

Found a stone staircase leading up.
Unknown command.
Read which item? (? for menu, Esc to quit)
Blink to where?
As you read the scroll of blinking, it crumbles to dust.
The merfolk throws a tomahawk.
The tomahawk misses you.
Unknown command.
A merfolk comes into view. It is wielding a trident.
The merfolk throws a tomahawk.
The tomahawk completely misses you.
You see here a tomahawk.
You see here a steel tomahawk.
You see here a javelin.
Unknown command.
Unknown command.
You see here a tomahawk.
Unknown command.
Unknown command.
There is a stone staircase leading up here.
You climb upwards.
There is a stone staircase leading down here.
You start resting.
You feel closer to the material plane.
You start resting.
You are firmly grounded in the material plane once more.
You start resting.
Magic restored.
You start resting.
Your magical contamination has completely faded away.
You start resting.
HP restored.
Are you sure you want to abandon this character and quit the game? (Confirm with "yes".)

Action                   |  1- 3 |  4- 6 |  7- 9 | 10-12 | 13-15 | 16-18 || total
-------------------------+-------+-------+-------+-------+-------+-------++-------
Melee: Whip              |     2 |     9 |    32 |   233 |   955 |    62 ||  1293
       Staff             |       |       |       |       |       |     2 ||     2
 Cast: Magic Dart        |    66 |    89 |   178 |    13 |    24 |       ||   370
       Searing Ray       |     4 |    11 |    50 |    23 |     1 |       ||    89
       Iskenderun's Myst |       |     9 |    42 |   225 |   317 |   157 ||   750
       Fulminant Prism   |       |       |    25 |   134 |   155 |    12 ||   326
       Dazzling Spray    |       |       |       |     1 |    11 |       ||    12
       Iskenderun's Batt |       |       |       |     1 |    61 |       ||    62
       Throw Icicle      |       |       |       |       |   254 |       ||   254
       Bolt of Cold      |       |       |       |       |    78 |   112 ||   190
       Flight            |       |       |       |       |     1 |     4 ||     5
       Freezing Cloud    |       |       |       |       |       |    27 ||    27
       Phase Shift       |       |       |       |       |       |     3 ||     3
       Repel Missiles    |       |       |       |       |       |     2 ||     2
       Apportation       |       |       |       |       |       |     4 ||     4
       Control Teleport  |       |       |       |       |       |     1 ||     1
Invok: Channel Energy    |       |       |       |    17 |   113 |    17 ||   147
       Forget Spell      |       |       |       |       |     4 |     1 ||     5
Evoke: Wand              |       |       |     4 |     9 |    20 |     6 ||    39
  Use: Scroll            |       |       |    20 |    13 |    18 |    11 ||    62
       Potion            |       |       |     1 |     1 |     1 |       ||     3
 Stab: Sleeping          |       |       |     3 |     4 |     7 |     1 ||    15
       Distracted        |       |       |       |     1 |     2 |       ||     3
  Eat: Chunk             |     3 |     8 |    12 |    23 |    88 |    29 ||   163
       Pizza             |       |       |     2 |     1 |       |     2 ||     5
       Bread ration      |       |       |     1 |     1 |     4 |     1 ||     7
       Meat ration       |       |       |     1 |     3 |     9 |     1 ||    14
       Royal jelly       |       |       |     1 |     1 |     2 |       ||     4
       Beef jerky        |       |       |       |     1 |     2 |       ||     3
       Fruit             |       |       |       |    21 |       |    11 ||    32

Vault maps used:
D:1:      minmay_arrival_wavy_path
D:2:      bloody_makhleb, yredelemnul_altar_generic, okawaru_metal_pillars_1_2,
          first_bread
D:4:      lemuel_round_altar, uniq_crazy_yiuf_cottage
D:5:      minmay_temple_entry_purple_smoke
D:6:      serial_shops, kennysheep_mini_moat
D:7:      fiery_altar_vehumet, uniq_duvessa
D:8:      black_bear_nest_1, uniq_eustachio, uniq_joseph, uniq_gastronok,
          uniq_maurice
D:9:      orc_0_dummy, lair_0_dummy, nicolae_elemental_shop, uniq_psyche,
          uniq_pikel, uniq_erolcha, uniq_edmund
D:10:     serial_shops, nicolae_shop_stone, shop, shop, nicolae_shop_stone,
          shop_coins, grunt_tengu_nest, minmay_dual_archer_statues
D:11:     enter_bailey_3, serial_shops, shop, spider_trap, uniq_harold
D:13:     serial_park, solitary_fountain, grunt_ministairs_2, uniq_nergalle
D:14:     lightli_vaults_fourway_checkpoint, lemuel_coloured_pillars_altar,
          disabler_island
D:15:     hangedman_depths_entry_civil_slaughter, minmay_misc_feat_tower,
          minmay_misc_feat_roman, grunt_ministairs_4, patterned_corridor
Temple:   circular_temple_12
Orc:1:    minmay_orc_temple_a, uniq_grum
Orc:3:    nicolae_orc_pool_cavern, uniq_sonja
Orc:4:    st_orc_rangers, mines2_david
Lair:1:   minivault_27
Lair:2:   grunt_megastairs_5
Lair:3:   minmay_lair_oklob_items
Lair:4:   beast_lair_carwin_large_2, guppyfry_snake_entry_island,
          portal_ice_cave_entry_ice_beasts, basic_altar,
          infiniplex_staircase_pool
Lair:5:   elwin_shoals_entry_stream, grunt_megastairs_4, serial_bayou_shore_b,
          serial_bayou_shore_a
Lair:6:   minmay_slime_entry_oklob_open
Lair:7:   basic_altar, infiniplex_staircase_pool_2
Lair:8:   minmay_lair_end_frog_pond, columned_hall_lemuel, ice2_lemuel
Shoals:1: serial_shops, nicolae_shop_waterfront
Shoals:3: nicolae_shoals_so_close
Shoals:4: lemuel_oklob_altar
Shoals:5: shoals_end_hangedman, shoal_ilsuiw,
          nicolae_shoals_kraken_intersection, uniq_rupert, uniq_ilsuiw
Bailey:   bailey_polearm_1, bailey
IceCv:    ice_cave_small_demon

Notes
Turn   | Place    | Note
--------------------------------------------------------------
     0 | D:1      | 1100001001, the Deep Elf Conjurer, began the quest for the Orb.
     0 | D:1      | Reached XP level 1. HP: 10/10 MP: 5/5
   405 | D:1      | Reached XP level 2. HP: 15/15 MP: 6/8
   560 | D:1      | Reached skill level 5 in Conjurations
  1074 | D:2      | Found a burning altar of Makhleb.
  1108 | D:2      | Found an iron altar of Okawaru.
  1295 | D:2      | Reached XP level 3. HP: 19/19 MP: 0/10
  1376 | D:2      | Learned a level 2 spell: Searing Ray
  1505 | D:2      | Found a basalt altar of Yredelemnul.
  1825 | D:2      | Reached skill level 6 in Conjurations
  1967 | D:2      | Reached XP level 4. HP: 24/24 MP: 9/13
  2692 | D:3      | Reached XP level 5. HP: 21/28 MP: 16/16
  2717 | D:3      | Reached skill level 7 in Conjurations
  3021 | D:3      | Learned a level 4 spell: Iskenderun's Mystic Blast
  3264 | D:4      | Reached skill level 8 in Conjurations
  3264 | D:4      | Reached XP level 6. HP: 32/32 MP: 13/18
  3701 | D:3      | Reached skill level 9 in Conjurations
  3935 | D:4      | Reached XP level 7. HP: 36/36 MP: 10/20
  4085 | D:4      | Found a shadowy altar of Dithmenos.
  4466 | D:5      | Entered Level 5 of the Dungeon
  4539 | D:5      | Reached skill level 4 in Spellcasting
  5035 | D:5      | Noticed gigot's ghost (experienced GrMo)
  5127 | D:5      | Reached skill level 5 in Spellcasting
  5233 | D:5      | Found a staircase to the Ecumenical Temple.
  5256 | Temple   | Entered the Ecumenical Temple
  5347 | Temple   | Became a worshipper of Sif Muna the Loreminder
  5359 | D:5      | Reached skill level 6 in Spellcasting
  5742 | D:5      | Reached skill level 7 in Spellcasting
  6296 | D:6      | Reached XP level 8. HP: 41/41 MP: 14/26
  6303 | D:5      | Acquired Sif Muna's first power
  6303 | D:5      | Reached skill level 10 in Conjurations
  6644 | D:6      | Learned a level 4 spell: Fulminant Prism
  6670 | D:6      | Got a heavily runed turquoise ring
  6671 | D:6      | Identified the ring "Tomenacwo" {Wiz +Fly rN+} (You found it on level 6 of the Dungeon)
  6748 | D:6      | Reached skill level 3 in Hexes
  6926 | D:6      | Reached skill level 11 in Conjurations
  7176 | D:6      | Found Breaskae's Weapon Boutique.
  7242 | D:6      | Acquired Sif Muna's second power
  7774 | D:7      | Reached skill level 1 in Fighting
  8344 | D:3      | Reached skill level 2 in Fighting
  8590 | D:7      | Reached XP level 9. HP: 47/49 MP: 21/27
  8636 | D:7      | Reached skill level 3 in Fighting
  8780 | D:7      | Noticed Duvessa
  8780 | D:7      | Noticed Dowan
  8787 | D:7      | Killed Dowan
  8787 | D:7      | Killed Duvessa
  8906 | D:7      | Found a radiant altar of Vehumet.
  8945 | D:7      | Reached skill level 4 in Fighting
  9842 | D:8      | Noticed Joseph
  9861 | D:8      | Killed Joseph
  9861 | D:8      | Reached skill level 5 in Fighting
 10028 | D:8      | Noticed Maurice
 10036 | D:8      | Killed Maurice
 10036 | D:8      | Reached skill level 6 in Fighting
 10492 | D:8      | Noticed Eustachio
 10499 | D:8      | Killed Eustachio
 10499 | D:8      | Reached skill level 7 in Fighting
 10614 | D:8      | Noticed Gastronok
 10884 | D:7      | Reached XP level 10. HP: 63/63 MP: 7/29
 11187 | D:8      | Killed Gastronok
 11187 | D:8      | Reached skill level 8 in Fighting
 11767 | D:8      | Upgraded the game from 0.15.1-3-g1b33baa to 0.15.1-4-gac8487e
 11782 | D:8      | Reached skill level 9 in Fighting
 12459 | D:9      | Noticed Pikel
 12468 | D:9      | Killed Pikel
 12650 | D:9      | Noticed Erolcha
 12734 | D:10     | Entered Level 10 of the Dungeon
 12931 | D:10     | Noticed a hill giant
 12935 | D:10     | Killed a hill giant
 12935 | D:10     | Reached skill level 10 in Fighting
 13000 | D:10     | Found Jymenour's Distillery.
 13006 | D:10     | Bought a potion of magic for 66 gold pieces
 13006 | D:10     | Bought a potion of agility for 30 gold pieces
 13012 | D:10     | Reached skill level 3 in Dodging
 13113 | D:10     | Reached skill level 4 in Dodging
 13269 | D:10     | Found Nethuwki's Assorted Antiques.
 13301 | D:10     | Bought a scroll of enchant weapon for 195 gold pieces
 13301 | D:10     | Bought a scroll of recharging for 247 gold pieces
 13621 | D:10     | Found Mnirpheiwn's Gadget Boutique.
 13669 | D:10     | Noticed a hill giant
 13795 | D:10     | Noticed an archer statue
 13802 | D:10     | Noticed an archer statue
 13846 | D:10     | Killed a hill giant
 13846 | D:10     | Reached skill level 5 in Dodging
 13846 | D:10     | Reached XP level 11. HP: 44/72 MP: 10/29
 14086 | D:10     | Reached skill level 6 in Dodging
 14101 | D:10     | Reached skill level 7 in Dodging
 14289 | D:10     | Noticed a hill giant
 14302 | D:10     | Killed a hill giant
 14302 | D:10     | Reached skill level 8 in Dodging
 14462 | D:10     | Found Baotsubb's Antique Armour Shop.
 14490 | D:10     | Reached skill level 9 in Dodging
 14667 | D:10     | Found Caalau's General Store.
 14740 | D:10     | Noticed a hill giant
 14752 | D:10     | Killed a hill giant
 14915 | D:10     | Noticed a tengu warrior
 14918 | D:10     | Reached skill level 10 in Dodging
 15151 | D:10     | Killed a tengu warrior
 15382 | D:10     | Noticed a hill giant
 15388 | D:10     | Killed a hill giant
 15388 | D:10     | Reached skill level 11 in Dodging
 15553 | D:11     | Killed an unseen horror
 15556 | D:11     | Noticed Harold
 15639 | D:10     | Noticed an eight-headed hydra
 15704 | D:11     | Found a flagged portal.
 15716 | Bailey   | Entered a bailey
 16047 | Bailey   | Learned a level 5 spell: Iskenderun's Battlesphere
 16206 | Bailey   | Reached skill level 1 in Charms
 16286 | Bailey   | Reached skill level 3 in Charms
 16579 | Bailey   | Reached skill level 4 in Charms
 16711 | Bailey   | Learned a level 3 spell: Dazzling Spray
 16797 | Bailey   | Reached skill level 5 in Charms
 17081 | Bailey   | Got a blackened steam dragon armour
 17092 | Bailey   | Identified the cursed +6 steam dragon armour of the Eight Planets {rF+ Stlth+} (You found it in a bailey)
 17157 | D:11     | Reached skill level 6 in Charms
 17192 | D:11     | Reached XP level 12. HP: 77/77 MP: 5/31
 17331 | D:11     | Reached skill level 7 in Charms
 17544 | D:11     | Reached skill level 8 in Charms
 18203 | D:11     | Killed Harold
 18203 | D:11     | Reached skill level 9 in Charms
 18340 | D:11     | Reached skill level 10 in Charms
 18912 | D:11     | Reached skill level 11 in Charms
 19026 | D:11     | Found Elocaosa's Assorted Antiques.
 19039 | D:11     | Bought a scroll of blinking for 180 gold pieces
 19447 | D:12     | Reached skill level 12 in Charms
 19729 | D:12     | Acquired Sif Muna's third power
 19873 | D:11     | Reached skill level 13 in Charms
 19973 | D:12     | Noticed a five-headed hydra
 20302 | D:12     | Killed a five-headed hydra
 20302 | D:12     | Reached skill level 12 in Conjurations
 21041 | D:13     | Noticed a centaur warrior
 21041 | D:13     | Noticed a centaur warrior
 21168 | D:9      | Noticed Edmund
 21174 | D:9      | Killed Edmund
 21206 | D:9      | Noticed Psyche
 21218 | D:9      | Killed Psyche
 21475 | D:9      | Found Graikaon's Elemental Accessories.
 21547 | D:9      | Found a staircase to the Orcish Mines.
 21708 | D:9      | Found a staircase to the Lair.
 21713 | Lair:1   | Entered Level 1 of the Lair of Beasts
 22109 | Lair:1   | Reached skill level 13 in Conjurations
 22117 | Lair:1   | Reached XP level 13. HP: 73/82 MP: 5/31
 23128 | Lair:2   | Identified a +0 rod of clouds (13/13) (You found it on level 2 of the Lair of Beasts)
 23533 | Lair:2   | Reached skill level 14 in Conjurations
 24965 | Lair:3   | Received a gift from Sif Muna
 24966 | Lair:3   | Identified Tavvygg's Papyrus of Battle Magic (Sif Muna gifted it to you on level 3 of the Lair of Beasts)
 24972 | Lair:3   | Learned a level 4 spell: Throw Icicle
 25370 | Lair:4   | Reached skill level 1 in Ice Magic
 25379 | Lair:4   | Reached skill level 2 in Ice Magic
 25484 | Lair:4   | Reached skill level 3 in Ice Magic
 25493 | Lair:4   | Reached skill level 4 in Ice Magic
 25555 | Lair:4   | Reached skill level 5 in Ice Magic
 25603 | Lair:4   | Found a frozen archway.
 25635 | IceCv    | Entered an ice cave
 25841 | Lair:4   | Reached skill level 6 in Ice Magic
 25865 | Lair:4   | Found a burning altar of Makhleb.
 26287 | Lair:4   | Found a staircase to the Snake Pit.
 26427 | Lair:4   | Identified a scroll of acquirement
 26524 | Lair:4   | Reached skill level 7 in Ice Magic
 26977 | Lair:4   | Reached skill level 8 in Ice Magic
 27600 | Lair:4   | Reached skill level 9 in Ice Magic
 27703 | Lair:4   | Reached XP level 14. HP: 68/88 MP: 25/32
 28312 | Lair:5   | You fall through a shaft for 2 floors!
 28559 | Lair:7   | Received a gift from Sif Muna
 28559 | Lair:7   | Reached skill level 10 in Ice Magic
 28560 | Lair:7   | Identified Sif Muna's Tome of Boosting Conjuration (Sif Muna gifted it to you on level 7 of the Lair of Beasts)
 28565 | Lair:7   | Learned a level 3 spell: Flight
 29366 | Lair:7   | Found a stormy altar of Qazlal.
 29600 | Lair:8   | Entered Level 8 of the Lair of Beasts
 29848 | Lair:8   | Reached skill level 11 in Ice Magic
 30907 | Lair:8   | Reached skill level 12 in Ice Magic
 32204 | Lair:6   | Reached skill level 13 in Ice Magic
 32624 | Lair:5   | Received a gift from Sif Muna
 32625 | Lair:5   | Identified Sif Muna's Handbook of the Enthralling Snowflakes (Sif Muna gifted it to you on level 5 of the Lair of Beasts)
 33069 | Lair:5   | Found a staircase to the Shoals.
 33602 | Lair:6   | Reached skill level 14 in Ice Magic
 33969 | Lair:6   | Found a staircase to the Slime Pits.
 35151 | Lair:7   | Reached XP level 15. HP: 92/92 MP: 15/33
 35524 | Lair:8   | Reached skill level 15 in Ice Magic
 35672 | Lair:8   | Reached skill level 1 in Invocations
 35857 | Lair:8   | Reached skill level 2 in Invocations
 35937 | Lair:8   | Reached skill level 3 in Invocations
 36197 | Lair:8   | Reached skill level 4 in Invocations
 36363 | Lair:8   | Learned a level 4 spell: Control Teleport
 36576 | Lair:8   | Got a jewelled falchion
 36577 | Lair:8   | Identified the cursed -1 falchion of Shrym {pain, rF+ rN+} (You found it on level 8 of the Lair of Beasts)
 36682 | Lair:8   | Reached skill level 5 in Invocations
 36716 | Lair:8   | Learned a level 6 spell: Bolt of Cold
 37001 | D:11     | Learned a level 4 spell: Fulminant Prism
 37088 | Orc:1    | Entered Level 1 of the Orcish Mines
 37447 | Orc:1    | Noticed Grum
 37466 | Orc:1    | Killed Grum
 37615 | Orc:1    | Found a roughly hewn altar of Beogh.
 38257 | Orc:2    | Reached skill level 8 in Spellcasting
 39246 | Orc:3    | Found a staircase to the Elven Halls.
 39330 | Orc:3    | Noticed Sonja
 39334 | Orc:3    | Killed Sonja
 39423 | Orc:3    | You fall through a shaft!
 39423 | Orc:4    | Entered Level 4 of the Orcish Mines
 40421 | Orc:4    | Reached skill level 9 in Spellcasting
 40639 | Orc:4    | Found a roughly hewn altar of Beogh.
 41646 | Orc:4    | Reached skill level 10 in Spellcasting
 42208 | Orc:4    | Received a gift from Sif Muna
 42408 | Orc:4    | Reached skill level 11 in Spellcasting
 42991 | Orc:4    | Identified Sif Muna's Guide on Arcane Weapons (Sif Muna gifted it to you on level 4 of the Orcish Mines)
 43001 | Orc:4    | Found Paigiryi's Food Boutique.
 43001 | Orc:4    | Found Tarugu's Antique Armour Emporium.
 43004 | Orc:4    | Found Qoido's Magic Scroll Shoppe.
 43006 | Orc:4    | Found Blonk's Antique Weapon Shop.
 43012 | Orc:4    | Bought a meat ration for 70 gold pieces
 43012 | Orc:4    | Bought a meat ration for 70 gold pieces
 43012 | Orc:4    | Bought a bread ration for 70 gold pieces
 43012 | Orc:4    | Bought a meat ration for 70 gold pieces
 43012 | Orc:4    | Bought a meat ration for 70 gold pieces
 43012 | Orc:4    | Bought a meat ration for 70 gold pieces
 43012 | Orc:4    | Bought a meat ration for 70 gold pieces
 43012 | Orc:4    | Bought a meat ration for 70 gold pieces
 43012 | Orc:4    | Bought a meat ration for 70 gold pieces
 43012 | Orc:4    | Bought a meat ration for 70 gold pieces
 43013 | Orc:4    | Bought a royal jelly for 28 gold pieces
 43017 | Orc:4    | Qoido's Magic Scroll Shoppe was a mimic.
 43036 | Orc:4    | Bought a pair of glowing boots for 112 gold pieces
 43441 | Orc:4    | Learned a level 5 spell: Phase Shift
 43645 | D:13     | Reached skill level 1 in Translocations
 43767 | D:13     | Killed a centaur warrior
 43767 | D:13     | Reached skill level 2 in Translocations
 43870 | D:13     | Noticed Nergalle
 43877 | D:13     | Killed Nergalle
 43907 | D:13     | Reached skill level 3 in Translocations
 44469 | D:13     | Reached skill level 4 in Translocations
 44707 | D:13     | Killed a centaur warrior
 44847 | D:13     | Reached skill level 5 in Translocations
 45406 | D:14     | Gained mutation: You evolve. [potion of beneficial mutation]
 45452 | D:14     | Found a gate to the Vaults.
 45457 | D:14     | Reached skill level 6 in Translocations
 45474 | D:14     | Reached skill level 7 in Translocations
 45945 | D:14     | Received a gift from Sif Muna
 45947 | D:14     | Reached skill level 8 in Translocations
 45949 | D:14     | Identified Sif Muna's Guide on Congealing Battle Magic (Sif Muna gifted it to you on level 14 of the Dungeon)
 46133 | D:14     | Reached XP level 16. HP: 97/97 MP: 22/37
 46173 | D:14     | Gained mutation: Your natural rate of healing is unusually fast. [evolution]
 47065 | D:14     | Reached skill level 9 in Translocations
 47246 | D:14     | Found a glowing silver altar of Zin.
 47821 | D:15     | Entered Level 15 of the Dungeon
 48144 | D:15     | Reached skill level 10 in Translocations
 48154 | D:15     | Learned a level 6 spell: Freezing Cloud
 48830 | D:15     | Reached skill level 11 in Translocations
 48929 | D:15     | Found a staircase to the Depths.
 49774 | Snake:1  | Entered Level 1 of the Snake Pit
 50210 | Shoals:1 | Entered Level 1 of the Shoals
 50260 | Shoals:1 | Got a bloodstained helmet
 50271 | Shoals:1 | Identified the +2 helmet of the Orbs {Str+2 Int+3} (You acquired it on level 1 of the Shoals)
 50322 | Shoals:1 | Found Rakiagat's Food Emporium.
 50334 | Shoals:1 | Bought a meat ration for 70 gold pieces
 50334 | Shoals:1 | Bought a bread ration for 70 gold pieces
 50334 | Shoals:1 | Bought a bread ration for 70 gold pieces
 50334 | Shoals:1 | Bought a bread ration for 70 gold pieces
 50334 | Shoals:1 | Bought a bread ration for 70 gold pieces
 50334 | Shoals:1 | Bought a bread ration for 70 gold pieces
 50334 | Shoals:1 | Bought a meat ration for 70 gold pieces
 50574 | Shoals:2 | Reached skill level 12 in Spellcasting
 50650 | Shoals:2 | Received a gift from Sif Muna
 50653 | Shoals:2 | Identified Breivis' Tome of Burning Arcane Weapons (Sif Muna gifted it to you on level 2 of the Shoals)
 51201 | Shoals:1 | Reached skill level 13 in Spellcasting
 51882 | Shoals:3 | Learned a level 2 spell: Cure Poison
 52068 | Shoals:3 | Lost mutation: You evolve. [evolution]
 52142 | Shoals:3 | Reached skill level 14 in Spellcasting
 53199 | Shoals:4 | Found a radiant altar of Vehumet.
 53249 | Shoals:4 | Reached skill level 15 in Spellcasting
 53364 | Shoals:4 | Received a gift from Sif Muna
 53371 | Shoals:4 | Identified Sif Muna's Compendium of Dislocated Boosts (Sif Muna gifted it to you on level 4 of the Shoals)
 53375 | Shoals:4 | Learned a level 2 spell: Repel Missiles
 53380 | Shoals:4 | Learned a level 3 spell: Ozocubu's Armour
 53383 | Shoals:4 | Learned a level 1 spell: Apportation
 53505 | Shoals:5 | Entered Level 5 of the Shoals
 53731 | Shoals:5 | Noticed Rupert
 53782 | Shoals:5 | Killed Rupert
 53797 | Shoals:5 | Reached XP level 17. HP: 102/102 MP: 15/41
 53984 | Shoals:5 | Reached skill level 16 in Spellcasting
 54632 | Shoals:5 | Got a barnacled rune of Zot
 54744 | Shoals:4 | Quit the game

Vanquished Creatures
  2 krakens
  Rupert (Shoals:5)
  An orc warlord (Orc:4)
  Gastronok (D:8)
  An ettin (D:15)
  A merfolk javelineer (Shoals:5)
  4 vault guards (D:14)
  4 merfolk impalers
  8 hydras
  Harold (D:11)
  A rakshasa (D:14)
  2 sirens
  2 ogre magi (D:15)
  5 centaur warriors
  A satyr (Shoals:5)
  6 death yaks
  A tengu warrior (D:10)
  An orc high priest (Orc:4)
  Nergalle (D:13)
  A deep troll (D:15)
  7 sea snakes
  5 unseen horrors
  An ice devil (Lair:8)
  An ice statue (Lair:8)
  Pikel (D:9)
  16 hill giants
  4 harpies (Shoals:5)
  A wolf spider (D:15)
  13 griffons
  7 oklob plants
  6 orc knights
  4 fauns
  3 water nymphs
  2 cyclopes (D:15)
  2 mana vipers (Snake:1)
  5 orc sorcerers
  10 ugly things
  12 manticores
  5 elephants (Lair:8)
  A drowned soul (Shoals:4)
  Maurice (D:8)
  7 black mambas
  8 mermaids
  Joseph (D:8)
  20 spiny frogs
  A centaur skeleton (D:14)
  A feature mimic (Orc:4)
  Psyche (D:9)
  An item mimic (Lair:8)
  2 kobold demonologists (D:11)
  15 komodo dragons
  3 fire drakes
  A harpy zombie (D:14)
  A freezing wraith (D:13)
  28 blink frogs
  2 two-headed ogres
  3 giant leeches
  Sonja (Orc:3)
  22 merfolk
  A deep elf priest (D:15)
  4 polar bears (Lair:8)
  4 snapping turtles
  4 trolls
  2 ravens (D:10)
  A wind drake (Shoals:5)
  3 basilisks
  A catoblepas skeleton (D:14)
  76 yaks
  3 shadows
  A trapdoor spider (D:10)
  5 water elementals
  5 wyverns
  7 slime creatures
  A hill giant zombie (D:8)
  A wraith (D:10)
  3 deep elf magi
  14 vampire mosquitoes
  Eustachio (D:8)
  17 hippogriffs
  Grum (Orc:1)
  2 hungry ghosts
  2 steam dragons
  2 soldier ants
  Edmund (D:9)
  A warg (Orc:1)
  7 wolves
  A tengu zombie (D:12)
  A human skeleton (D:15)
  2 slaves (D:9)
  45 orc warriors
  22 water moccasins
  4 nagas
  A yellow wasp (D:14)
  A manticore zombie (D:9)
  20 ice beasts
  4 black bears
  2 necrophages
  17 ogres
  3 sky beasts
  10 porcupines
  5 spiders (D:11)
  4 phantoms
  29 centaurs
  16 crocodiles
  A manticore skeleton (D:15)
  An orc skeleton (D:12)
  Duvessa (D:7)
  A boring beetle (Lair:4)
  46 giant frogs
  5 big kobolds
  A brain worm (D:15)
  2 cyclops zombies
  4 scorpions
  A troll zombie (D:14)
  A cyclops skeleton (D:12)
  15 killer bees
  An eye of draining (D:11)
  An elf zombie (D:15)
  10 wights
  A yak skeleton (D:7)
  2 goliath beetles
  12 crimson imps
  Dowan (D:7)
  4 fulminant prisms
  A giant frog zombie (D:11)
  42 orc priests
  5 jellies
  2 quasits (D:10)
  18 iguanas
  2 black bear skeletons
  11 worker ants
  35 orc wizards
  18 hounds
  A crocodile zombie (D:9)
  15 sheep
  An ogre skeleton (D:8)
  A mummy (D:11)
  A worker ant zombie (D:10)
  11 gnolls
  72 green rats
  21 adders
  A white imp (Lair:8)
  A giant mite (D:3)
  2 inept feature mimics
  3 shadow imps
  3 worms (D:2)
  266 orcs
  17 bats
  A gnoll zombie (D:5)
  20 goblins
  24 hobgoblins
  22 jackals
  10 quokkas
  A ball python (D:3)
  3 giant cockroaches
  5 giant geckos
  9 giant newts
  3 giant spores
  A hobgoblin skeleton (D:4)
  A jackal zombie (D:6)
  28 kobolds
  A kobold zombie (D:5)
  3 orc zombies
  A quokka zombie (D:7)
  13 rats
  21 ballistomycetes (D:13)
  A fungus (Lair:7)
  7 plants
  3 tentacles
  A tentacle segment (Shoals:2)
1467 creatures vanquished.

Vanquished Creatures (others)
  A manticore (D:12)
  A drowned soul (Shoals:5)
  322 fulminant prisms
  3 ufetubi (IceCv)
  A giant spore (D:13)
  A bush (D:10)
  5 butterflies (D:6)
  12 fungi
  14 plants
  9 tentacles
  31 tentacle segments
400 creatures vanquished.

Grand Total: 1867 creatures vanquished
